 Dungeon Crawl Stone Soup version 0.30-a0-691-g754fce4c43 (webtiles) character file.

Game seed: 6733669256648941408

233 browni3141 the Magician (level 6, -3/45 HPs)
             Began as a Djinni Fire Elementalist on Jan 20, 2023.
             Slain by a gnoll
             ... wielding a +0 halberd
              (4 damage)
             ... on level 4 of the Dungeon.
             The game lasted 00:04:50 (2317 turns).

browni3141 the Magician (Djinni Fire Elementalist)  Turns: 2317, Time: 00:04:51

Health: -3/45      AC:  3    Str:  7    XL:     6   Next: 26%
Gold:   144        EV: 12    Int: 18    God:
                   SH:  0    Dex: 14

rFire   + + .      SeeInvis .    p - +1 sling (elec)
rCold   . . .      Faith    .    (no shield)
rNeg    . . .      Spirit   .    a - +0 robe
rPois   ∞          Reflect  .    m - +0 helmet
rElec   .          Harm     .    (no cloak)
rCorr   .          Rampage  .    (no gloves)
Will    .....                    (boots unavailable)
Stlth   ++                       (no amulet)
HPRegen 0.27/turn                l - ring of protection from cold
MPRegen 0.00/turn                (no ring)

@: flying, very slightly contaminated
A: sickness immunity, fire resistance 2, cold vulnerability 1, float, innate
caster, HP casting, extra vitality 1
a: no special abilities


You were on level 4 of the Dungeon.
You visited 1 branch of the dungeon, and saw 4 of its levels.

You collected 177 gold pieces.
You spent 33 gold pieces at shops.

Inventory:

Hand Weapons
 p - a +1 sling of electrocution (weapon)
Armour
 a - a +0 robe (worn)
 m - a +0 helmet (worn)
Jewellery
 l - a ring of protection from cold (left hand)
Scrolls
 c - 2 scrolls of vulnerability {unknown}
 e - a scroll of summoning {unknown}
 g - a scroll of enchant weapon {unknown}
 i - 3 scrolls of teleportation
 o - a scroll of identify {unknown}
Potions
 b - 2 potions of magic
 d - a potion of mutation {unknown}
 f - a potion of resistance {unknown}
 h - 2 potions of flight {unknown}
 j - a potion of curing {unknown}
 k - a potion of brilliance {unknown}
 n - a potion of heal wounds {unknown}


   Skills:
 * Level 2.5 Fighting
 - Level 2.5 Dodging
 - Level 1.9 Stealth
 * Level 4.3 Spellcasting


You couldn't memorise any spells.
You knew the following spells:

 Your Spells              Type           Power      Damage    Failure   Level
a - Foxfire               Conj/Fire      76%        2x1d7     2%          1
b - Scorch                Fire           38%        2d7       3%          2
c - Kindle Blastsparks    Fire/Tloc/Air  38%        2d13      8%          3
d - Inner Flame           Hex/Fire       19%        N/A       8%          3
e - Flame Wave            Conj/Fire      19%        2d7       24%         4
f - Beastly Appendage     Tmut           38%        N/A       2%          1
g - Call Imp              Summ           19%        N/A       3%          2
Your spell library was empty.

Dungeon Overview and Level Annotations

Branches:
Dungeon (4/15)
 Temple: D:4-7

Altars:

Shops:
D:3 ::?*:


Innate Abilities, Weirdness & Mutations

You are immune to sickness and miasma.
You are immune to poison.
Your flesh is very heat resistant. (rF++)
You are vulnerable to cold. (rC-)
You float through the air rather than walking.
You learn spells naturally, not from books.
Your magical power is your life essence.
You have superior vitality. (+4 MHP)


Message History

Confirm with . or Enter, or press ? or * to list all spells.
Flames lash the gnoll.
The gnoll is almost dead.
The gnoll's fire resistance burns away.
* * * LOW HITPOINT WARNING * * *
The gnoll hits you from afar with a +0 halberd!
* * * LOW HITPOINT WARNING * * *
Casting: Scorch (safe; 3% risk of failure)
Confirm with . or Enter, or press ? or * to list all spells.
You miscast Scorch.
You are very lightly contaminated with residual magic.
Nothing appears to happen.
* * * LOW HITPOINT WARNING * * *
The gnoll misses you.
You aren't carrying any items that you can evoke.
Unknown command.
Fire: p) +1 sling (elec)
Press: ? - help, Q - select action, (/) - cycle Shift-Dir - straight line, f/p - gnoll
Aim: a gnoll, wielding a +0 halberd (almost dead, more vulnerable to fire, 61% to hit)
You shoot a sling bullet.
The sling bullet barely misses the gnoll.
The gnoll closely misses you.
Fire: p) +1 sling (elec)
Press: ? - help, Q - select action, (/) - cycle Shift-Dir - straight line, f/p - gnoll
Aim: a gnoll, wielding a +0 halberd (almost dead, more vulnerable to fire, 61% to hit)
You shoot a sling bullet.
The sling bullet hits the gnoll but does no damage.
The gnoll is almost dead.
The gnoll is no longer more vulnerable to fire.
The gnoll barely misses you. The gnoll closely misses you.
Fire: p) +1 sling (elec)
Press: ? - help, Q - select action, (/) - cycle Shift-Dir - straight line, f/p - gnoll
Aim: a gnoll, wielding a +0 halberd (severely wounded, 61% to hit)
Okay, then.
Casting: Scorch (safe; 3% risk of failure)
Confirm with . or Enter, or press ? or * to list all spells.
You conjure some foxfire!
* * * LOW HITPOINT WARNING * * *
The gnoll hits you from afar with a +0 halberd.
You die...

########.....#
##...####..####
............#
............# ....
............# ....
............#
.....#######g##.##
.....##...##)####
..>........)@v#
...........).v#
.........))...#
.......)......#
......†)<)....#
.......)...>..#
..............#
.....##...##.##
..... #...####


You could see a gnoll (ally target).

Vanquished Creatures
  A black bear (D:4)
  Robin (D:4)
  3 adders
  2 gnolls (D:2)
  2 dart slugs
  An orc (D:3)
  6 bats
  6 endoplasms
  4 giant cockroaches
  17 goblins
  7 hobgoblins
  10 jackals
  2 ball pythons
  A frilled lizard (D:2)
  2 kobolds (D:2)
  9 rats
74 creatures vanquished.

Vanquished Creatures (others)
  167 foxfires
167 creatures vanquished.

Grand Total: 241 creatures vanquished

Notes
Turn   | Place    | Note
-------+----------+-------------------------------------------
     0 | D:1      | browni3141 the Djinni Fire Elementalist began the quest for
                  | the Orb.
     0 | D:1      | browni3141 set off with the following spells memorised:
                  | Foxfire, Scorch, Kindle Blastsparks, Inner Flame, Flame
                  | Wave.
     0 | D:1      | Reached XP level 1. HP: 15/15 MP: 0/0
   100 | D:1      | Reached XP level 2. HP: 4/21 MP: 0/0
   413 | D:1      | Reached XP level 3. HP: 25/25 MP: 0/0
   413 | D:1      | Learned a level 1 spell: Beastly Appendage
   530 | D:1      | Reached skill level 3 in Spellcasting
  1422 | D:2      | Reached XP level 4. HP: 31/31 MP: 0/0
  1746 | D:3      | Found Sacahe's Book Boutique.
  1798 | D:3      | Found Reefas's Book Shop.
  1841 | D:3      | Found Seumavit's Magic Scroll Boutique.
  1847 | D:3      | Bought a scroll of teleportation for 33 gold pieces
  1925 | D:3      | Found Iwir's Assorted Antiques.
  2065 | D:3      | Reached XP level 5. HP: 30/36 MP: 0/0
  2065 | D:3      | Learned a level 2 spell: Call Imp
  2092 | D:3      | Found Emnophom's Book Shop.
  2183 | D:4      | Noticed Robin
  2184 | D:4      | Reached skill level 1 in Fighting
  2192 | D:4      | Killed Robin
  2287 | D:4      | Noticed a black bear
  2302 | D:4      | Killed a black bear
  2303 | D:4      | Reached skill level 4 in Spellcasting
  2303 | D:4      | Reached XP level 6. HP: 41/45 MP: 0/0
  2317 | D:4      | Slain by a gnoll

Illustrated notes

Levels and vault maps discovered:
D:1:      moated_graveyard_arrival, layout_basic
D:2:      layout_loops_ring
D:3:      layout_rooms, serial_shops, nicolae_shop_statue_plus, shop,
          nicolae_shop_trees, shop, shop, minmay_misc_feat_rugged,
          serial_bayou_lagoon_a
D:4:      layout_gridville, marbit_many_paths, uniq_robin

Skill      XL: |  1  2  3  4  5 |
---------------+----------------+-----
Spellcasting   | 3 4 |  4.3
Fighting       | 2 |  2.5
Dodging        | |  2.5
Stealth        | |  1.9

Action                   |  1- 3 |  4- 6 || total
-------------------------+-------+-------++-------
Melee: Unarmed           |     2 |       ||     2
 Fire: Sling             |       |    14 ||    14
 Cast: Foxfire           |    60 |    41 ||   101
       Scorch            |       |     6 ||     6
Armor: Robe              |     4 |     7 ||    11
Dodge: Dodged            |    32 |    18 ||    50

Table legend: (Time is in decaauts)
 A = Elapsed time spent in this place.
 B = Non-inter-level travel time spent in this place.
 C = Inter-level travel time spent in this place.
 D = Time resting spent in this place.
 E = Time spent auto-exploring this place.
 F = Levels seen in this place.
 G = Mean time per level.
                   A        B        C        D        E       F      G
               +--------+--------+--------+--------+--------+-----+--------+
         Total |   2320 |   2269 |     51 |      0 |   1868 |   4 |  580.0 |
       Dungeon |   2320 |   2269 |     51 |      0 |   1868 |   4 |  580.0 |
               +--------+--------+--------+--------+--------+-----+--------+

Top non-repeatable levels by time:
     D:1: 1065 daAuts
     D:2: 680 daAuts
     D:3: 430 daAuts
     D:4: 144 daAuts
